 Dungeon Crawl Stone Soup version 0.31-a0-358-gac0dbeb3ab (webtiles) character file.

Game seed: 7371908095153023525

100 porpoise the Sneak (level 4, -6/32 HPs)
             Began as a Demonspawn Enchanter on July 26, 2023.
             Mangled by Grinder (7 damage)
             ... on level 3 of the Dungeon.
             The game lasted 00:08:07 (2202 turns).

porpoise the Sneak (Demonspawn Enchanter)           Turns: 2202, Time: 00:08:14

Health: -6/32      AC:  2    Str:  9    XL:     4   Next: 47%
Magic:  7/7        EV: 12    Int: 22    God:
Gold:   152        SH:  0    Dex: 15    Spells: 2/7 levels left

rFire   . . .        a - +2 dagger
rCold   . . .        (no shield)
rNeg    . . .        k - +0 robe
rPois   .            (no helmet)
rElec   .            (no cloak)
rCorr   .            (no gloves)
SInv    .            (no boots)
Will    .....        (no amulet)
Stlth   ++           q - +6 ring of intelligence
HPRegen 0.25/turn    (no ring)
MPRegen 0.10/turn

%: no passive effects
@: invisible
A: hooves 1
a: no special abilities


You were on level 3 of the Dungeon.
You visited 1 branch of the dungeon, and saw 3 of its levels.

You collected 188 gold pieces.
You spent 36 gold pieces at shops.

Inventory:

Hand Weapons
 a - a +2 dagger (weapon)
 g - a +0 rapier
Armour
 k - a +0 robe (worn)
Jewellery
 q - a +6 ring of intelligence (left hand)
Talismans
 d - a beast talisman
Wands
 u - a wand of iceblast (1)
Scrolls
 b - a scroll of fog {unknown}
 f - a scroll of immolation {unknown}
 h - a scroll of vulnerability {unknown}
 j - a scroll of enchant armour {unknown}
 l - a scroll of noise {unknown}
 n - a scroll of brand weapon {unknown}
 o - a scroll of teleportation {unknown}
 p - a scroll of enchant weapon
 t - a scroll of identify {unknown}
Potions
 c - 2 potions of invisibility
 e - 3 potions of curing
 i - a potion of heal wounds {unknown}
 m - a potion of degeneration {unknown}
 r - 2 potions of enlightenment {unknown}
 s - 2 potions of brilliance {unknown}


   Skills:
 - Level 1.4 Fighting
 - Level 2.4 Short Blades
 - Level 1.8 Dodging
 + Level 3.4 Stealth
 + Level 2.2 Spellcasting
 - Level 3.0 Hexes
 * Level 1.0 Ice Magic


You had 2 spell levels left.
You knew the following spells:

 Your Spells              Type           Power      Damage    Failure   Level
a - Confusing Touch       Hex            15%        N/A       12%         3
e - Ensorcelled Hibernat  Hex/Ice        22%        N/A       9%          2

Your spell library contained the following spells:

 Spells                   Type           Power      Damage    Failure   Level
 Magic Dart               Conj           8%         1d3       14%         1
 Searing Ray              Conj           4%         2d4       21%         2
 Tukima's Dance           Hex            15%        N/A       12%         3
 Dazzling Flash           Conj/Hex       18%        N/A       22%         3
 Fulminant Prism          Conj/Hex       4%         3d5       58%         4


Dungeon Overview and Level Annotations

Branches:
Dungeon (3/15)

Altars:

Shops:
D:2 !

Annotations:
D:3 Grinder


Innate Abilities, Weirdness & Mutations

You have large cloven feet.


Message History

Aim: Grinder The mass of ice explodes!
The iceblast engulfs Grinder.
Grinder partially resists.
Grinder is lightly wounded.
The goblin shouts!
Aiming: Iceblast
Press: ? - help, Shift-Dir - straight line, f/p - Grinder
Aim: Grinder (lightly wounded)
The mass of ice explodes!
The iceblast engulfs Grinder.
Grinder partially resists.
Grinder is moderately wounded.
Okay, then.
Casting: Ensorcelled Hibernation (safe; 9% risk of failure)
Confirm with . or Enter, or press ? or * to list all spells.
You don't know that spell.
Casting: Ensorcelled Hibernation (safe; 9% risk of failure)
Confirm with . or Enter, or press ? or * to list all spells.
Aiming: Ensorcelled Hibernation (safe; 9% risk of failure)
Press: ? - help, Shift-Dir - straight line, f - goblin, p - Grinder
Aim: a goblin, wielding a +2 dagger of distortion (chance to affect: 62%)
Okay, then.
Unknown command.
Unknown command.
Okay, then.
Press: ? - help, v - describe, . - travel
Here: Grinder (moderately wounded)
The floor.
You fade into invisibility!
Grinder gestures at something.
You catch the helpless Grinder completely off-guard!
You puncture Grinder!
Grinder is heavily wounded.
Grinder hits you! The goblin closely misses you.
You hit Grinder. You kick Grinder, but do no damage. You punch Grinder.
Grinder is heavily wounded.
The goblin hits you but does no damage. Space warps horribly around you!!
Ouch! That really hurt!
* * * LOW HITPOINT WARNING * * *
Grinder hits you!
You die...

#........# #....####..#
#........# #....#..#..#
#........# #......##..#
#........# #.....###..#
##........####....####..#
..........##....####.'...
#.......#..##...(..#...
#.....g5#.###....######
#.....@...# #....###.#.
#.###+##.## #....#.#.## #
#.#..####....#.#.#.
#...##..+......#.##
#.####.##....#.#...
#.####.#.....#.#...
#...##.#.....#.#..#
###..........#.##.#
###........#.##.#


You could see Grinder (unable to see you) and a goblin (unable to see you).

Vanquished Creatures
  Jessica (D:1)
  3 adders
  2 worms (D:2)
  2 ball pythons (D:1)
  7 endoplasms
  4 giant cockroaches
  3 goblins
  2 hobgoblins (D:2)
  3 jackals (D:2)
  3 bats (D:2)
  2 frilled lizards (D:1)
  5 kobolds
  6 rats
43 creatures vanquished.

Notes
Turn   | Place    | Note
-------+----------+-------------------------------------------
     0 | D:1      | porpoise the Demonspawn Enchanter began the quest for the
                  | Orb.
     0 | D:1      | Reached XP level 1. HP: 13/13 MP: 3/3
    75 | D:1      | Reached skill level 1 in Short Blades
   378 | D:1      | Gained mutation: You have large cloven feet. [demonic
                  | ancestry]
   378 | D:1      | Reached XP level 2. HP: 16/20 MP: 5/5
   409 | D:1      | Found a faded altar of an unknown god.
   477 | D:1      | Learned a level 2 spell: Ensorcelled Hibernation
   994 | D:2      | Noticed Jessica
  1000 | D:1      | Killed Jessica
  1001 | D:1      | Reached skill level 1 in Fighting
  1001 | D:1      | Reached XP level 3. HP: 22/26 MP: 3/6
  1311 | D:2      | Reached XP level 4. HP: 29/32 MP: 7/7
  1530 | D:2      | Found Raen's Distillery.
  1545 | D:2      | Bought a potion of curing for 36 gold pieces
  2022 | D:3      | Reached skill level 1 in Ice Magic
  2095 | D:3      | Learned a level 3 spell: Confusing Touch
  2189 | D:3      | Noticed Grinder
  2202 | D:3      | HP: 1/32 [goblin/+2 dagger of distortion (23)]
  2202 | D:3      | Mangled by Grinder

Illustrated notes

Levels and vault maps discovered:
D:1:      minmay_arrival_glassed_features, layout_basic,
          chequers_ecumenical_altar_simple_redux
D:2:      layout_basic, serial_shops, shop, minmay_pentomino_w2, uniq_jessica
D:3:      layout_basic, grunt_ministairs_4, chequers_serial_rivers_small_3,
          kennysheep_small_spiral, uniq_grinder

Skill      XL: |  1  2  3  4 |
---------------+-------------+-----
Short Blades   | 1 2 |  2.4
Fighting       | 1 |  1.4
Stealth        | 3 |  3.4
Ice Magic      | 1 |  1.0
Dodging        | |  1.8
Spellcasting   | |  2.2
Hexes          | |  3.0

Action                     |  1- 3 |  4- 6 || total
---------------------------+-------+-------++-------
  Melee: Dagger            |   114 |    37 ||   151
         Punch             |     2 |     1 ||     3
         Kick              |     7 |    14 ||    21
   Cast: Ensorcelled Hiber |     4 |     5 ||     9
  Evoke: Wand              |       |     2 ||     2
    Use: Scroll            |       |     1 ||     1
         Potion            |       |     1 ||     1
   Stab: Sleeping          |     7 |     6 ||    13
         Invisible         |       |     1 ||     1
 Armour: Robe              |    23 |     6 ||    29
  Dodge: Dodged            |    65 |    23 ||    88

Table legend: (Time is in decaauts)
 A = Elapsed time spent in this place.
 B = Non-inter-level travel time spent in this place.
 C = Inter-level travel time spent in this place.
 D = Time resting spent in this place.
 E = Time spent auto-exploring this place.
 F = Levels seen in this place.
 G = Mean time per level.
                   A        B        C        D        E       F      G
               +--------+--------+--------+--------+--------+-----+--------+
         Total |   2189 |   2133 |     56 |    361 |   1370 |   3 |  729.7 |
       Dungeon |   2189 |   2133 |     56 |    361 |   1370 |   3 |  729.7 |
               +--------+--------+--------+--------+--------+-----+--------+

Top non-repeatable levels by time:
     D:1: 1024 daAuts
     D:2: 762 daAuts
     D:3: 402 daAuts
